 Dungeon Crawl Stone Soup version 0.29.0-7-g18a832c13a (webtiles) character file.

Game seed: 18100649075950664770

368642 freelancePsychic the Warrior (level 24, -25/183 (186) HPs)
             Began as a Djinni Earth Elementalist on Aug 30, 2022.
             Was the Champion of the Shining One.
             Killed from afar by a Hell Sentinel (55 damage)
             ... with an iron shot
             ... in the Vestibule of Hell.
             The game lasted 01:46:40 (63310 turns).

freelancePsychic the Warrior (DjEE)                Turns: 63310, Time: 01:46:41

HP:   -25/183 (186) AC: 20    Str:  6 (13) XL:     24   Next: 31%
Gold: 2827          EV: 18    Int: 33 (38) God:    the Shining One [******] SH: 27 Dex: 19 (24)

rFire   + + +      SeeInvis .   b - staff of conjuration
rCold   + . .      Faith    .   B - +2 shield of Resistance {rF++ rC++ Will++}
rNeg    + + +      Spirit   .   U - +1 ring mail of Sint {Drain Int+10 Stlth+}
rPois   ∞          Reflect  .   s - +2 helmet
rElec   +          Harm     .   h - +2 cloak
rCorr   .          Rampage  .   g - +0 pair of gloves
Will    +++++                   (boots unavailable)
Stlth   +.........              l - amulet of Temptation {rElec Regen+}
HPRegen 1.20/turn               j - +4 ring of protection
MPRegen 0.00/turn               V - ring "Cawolopo" {Contam Will+ Str+6 Dex+9 Slay+3}

@: divinely shielded, about to teleport, flying, glowing, lightly drained
A: sickness immunity, fire resistance 2, cold vulnerability 1, float, innate
caster, HP casting, extra vitality 1
a: Renounce Religion, Divine Shield, Cleansing Flame, Summon Divine Warrior


You were in the Vestibule of Hell.
You worshipped the Shining One.
The Shining One was exalted by your worship.
You visited 8 branches of the dungeon, and saw 35 of its levels.
You visited the Abyss 4 times.
You visited 1 bazaar.
You also visited: Ice Cave.

You collected 3839 gold pieces.
You spent 1012 gold pieces at shops.

Inventory:

Hand Weapons
 a - a +8 eudemon blade of holy wrath
Missiles
 u - a throwing net
 M - 20 curare-tipped darts
Armour
 g - a +0 pair of gloves (worn)
 h - a +2 cloak (worn)
 s - a +2 helmet (worn)
 B - the +2 shield of Resistance (worn) {rF++ rC++ Will++}
   (You found it on level 3 of the Elven Halls)

   rF:        It greatly protects you from fire.
   rC:        It greatly protects you from cold.
   Will:      It greatly increases your willpower.
 U - the +1 ring mail of Sint (worn) {Drain Int+10 Stlth+}
   (You found it on level 11 of the Dungeon)

   Int:       It affects your intelligence (+10).
   Drain:     It drains your maximum health when unequipped.
   Stlth:     It makes you more stealthy.
 Y - a +1 tower shield of cold resistance
Magical Staves
 b - a staff of conjuration (weapon)
 o - a staff of fire
 P - a staff of air
 X - a staff of cold
Jewellery
 j - a +4 ring of protection (left hand)
 l - the amulet of Temptation (around neck) {rElec Regen+}
   (You found it on level 3 of the Elven Halls)

   [amulet of regeneration]

   rElec:     It insulates you from electricity.
   Regen:     It increases your rate of health regeneration.
 p - the ring "Dideun" {*Slow rC+ Will+ Int+4}
   (You took it off a deep elf knight on level 3 of the Elven Halls)

   [ring of protection from cold]

   Int:       It affects your intelligence (+4).
   rC:        It protects you from cold.
   *Slow:     It may slow you when you take damage.
   Will:      It increases your willpower.
 H - the ring of Usixewei {rElec Will+ Dex+5 Stlth-}
   (You found it on level 15 of the Dungeon)

   [ring of willpower]

   Dex:       It affects your dexterity (+5).
   rElec:     It insulates you from electricity.
   Will:      It increases your willpower.
   Stlth:     It makes you less stealthy.
 I - a ring of resist corrosion
 O - a ring of wizardry
 V - the ring "Cawolopo" (right hand) {Contam Will+ Str+6 Dex+9 Slay+3}
   (You found it on level 4 of the Depths)

   [ring of strength]

   Str:       It affects your strength (+6).
   Dex:       It affects your dexterity (+9).
   Slay:      It affects your accuracy & damage with ranged weapons and melee
   (+3).
   Contam:    It causes magical contamination when unequipped.
   Will:      It increases your willpower.
Wands
 r - a wand of flame (62)
 v - a wand of charming (7)
 y - a wand of quicksilver (1)
 D - a wand of roots (7)
 W - a wand of mindburst (10)
 Z - a wand of digging (14)
Scrolls
 e - a scroll of silence
 f - 5 scrolls of amnesia
 i - 6 scrolls of vulnerability
 k - 5 scrolls of teleportation {@r4}
 n - 3 scrolls of fog
 w - 6 scrolls of immolation
 A - 4 scrolls of identify {@r1}
 E - a scroll of enchant armour
 F - 3 scrolls of magic mapping
 K - 2 scrolls of summoning
 S - 3 scrolls of fear
 T - a scroll of poison
Potions
 c - 6 potions of curing {@q1}
 d - 7 potions of attraction
 m - a potion of brilliance
 q - a potion of haste {@q3}
 t - 2 potions of ambrosia
 x - 3 potions of resistance
 C - 4 potions of might
 G - a potion of cancellation
 J - 9 potions of flight
 N - 2 potions of berserk rage
 Q - 3 potions of mutation
 R - a potion of lignification


   Skills:
 + Level 19.8 Fighting
 - Level 8.7 Long Blades
 - Level 8.4 Armour
 - Level 18.9 Dodging
 - Level 1.5 Stealth
 + Level 13.6 Shields
 + Level 18.4 Spellcasting
 - Level 13.7 Invocations


You couldn't memorise any spells.
You knew the following spells:

 Your Spells              Type           Power      Damage    Failure   Level
a - Iron Shot             Conj/Erth      61%        9d11      1%          6
b - Starburst             Conj/Fire      61%        6d16      1%          6
c - Stone Arrow           Conj/Erth      100%       3d13      0%          3
d - Petrify               Tmut/Erth      100%       N/A       1%          4
e - Ozocubu's Refrigerat  Ice            50%        4d18      3%          7
f - Passwall              Tmut/Erth      83%        N/A       0%          2
g - Sandblast             Erth           100%       2d20      0%          1
h - Dispel Undead         Necr           100%       3d31      1%          4
i - Alistair's Intoxicat  Tmut/Pois      66%        N/A       1%          5
j - Slow                  Hex            100%       N/A       0%          1
k - Call Canine Familiar  Summ           100%       N/A       0%          3
l - Searing Ray           Conj           100%       2d8       0%          2
m - Freezing Cloud        Conj/Ice/Air   61%        6-21      1%          5
n - Summon Horrible Thin  Summ           50%        N/A       24%         8
o - Malign Gateway        Summ/Tloc      50%        N/A       3%          7
Your spell library was empty.

Dungeon Overview and Level Annotations

Branches:
Dungeon (15/15)            Temple (1/1) D:4            Lair (5/5) D:9
  Swamp (0/4) Lair:3        Snake (0/4) Lair:2        Slime (0/5) Lair:5
    Orc (2/2) D:12            Elf (3/3) Orc:2        Vaults (0/5) D:14
 Depths (4/4) D:15           Hell (1/1)                 Dis (4/7) Hell
    Geh (0/7) Hell            Coc (0/7) Hell            Tar (0/7) Hell
    Zot (0/5) Depths:4      IceCv (visited)

Altars:
Dithmenos
Elyvilon
Fedhas
Makhleb
Okawaru
Trog
Yredelemnul
The Shining One
Jiyva

Shops:
D:3 (   D:14 [   Orc:2 [:(?   Depths:2 :=

Portals:
Hell: Lair:5 Depths:1 Depths:2 Depths:3 Depths:4
Abyss: Depths:1 Depths:3
Pandemonium: Depths:2
Ziggurat: Depths:1
Bazaar: Elf:3
Trove: D:13 (give +3 shadow dragon scales)

Annotations:
D:4 2 transporters, Fractals's ghost, amateur TeNe
D:9 3 runed translucent doors, SprigganGuy's ghost, novice SpHu
Elf:2 3 runed translucent doors
Elf:3 Roxanne


Innate Abilities, Weirdness & Mutations

You are immune to sickness and miasma.
You are immune to poison.
Your flesh is very heat resistant. (rF++)
You are vulnerable to cold. (rC-)
You float through the air rather than walking.
You learn spells naturally, not from books.
Your magical power is your life essence.
You have superior vitality. (+4 MHP)


Message History

The golden flame engulfs the war gargoyle!!!
The war gargoyle is severely damaged.
The golden flame engulfs the Hell Sentinel!!
The Hell Sentinel writhes in agony!
The Hell Sentinel is moderately wounded.
The golden flame engulfs the Hell Sentinel!!!
The Hell Sentinel writhes in agony!
The Hell Sentinel is severely wounded.
You block the war gargoyle's attack. The Hell Sentinel hits you!
The Hell Sentinel completely misses you.
The Hell Sentinel gestures at you. The iron shot hits you!!!
* * * LOW HITPOINT WARNING * * *
You block the Hell Sentinel's attack. x2
The war gargoyle hits you with a +6 morningstar of protection.
* * * LOW HITPOINT WARNING * * *
Okay, then.
Okay, then.
As you read the scroll of teleportation {@r4}, it crumbles to dust.
You feel strangely unstable. You block the war gargoyle's attack.
You block the Hell Sentinel's attack. x2
The Hell Sentinel gestures at you. You block the iron shot.
The Hell Sentinel barely misses you. x2
You feel better. You block the war gargoyle's attack.
The Hell Sentinel gestures at you. You block the iron shot.
The Hell Sentinel hits you!!
* * * LOW HITPOINT WARNING * * *
The Hell Sentinel closely misses you.
The Hell Sentinel hits you but does no damage. x2
You feel better. You block the war gargoyle's attack. x2
You block the Hell Sentinel's attack.
The Hell Sentinel completely misses you.
You block the Hell Sentinel's attack.
The Hell Sentinel hits you but does no damage. x2
The Hell Sentinel hits you.
* * * LOW HITPOINT WARNING * * *
You feel better. You block the war gargoyle's attack.
The Hell Sentinel gestures at you. The iron shot hits you!!!
You die...

################ ################
.............#.###.#.............
....##....#...##1##...#....##....
.....#.....##.#1@9#.##.....#.....
..........#...##1##...#..........
.......##....#.#'#.#....##.......
........#...............#........
.................................
..........##...#.#...##..........
...........#.........#...........
......................[..........
.............##...##.............


You could see 3 Hell Sentinels and a war gargoyle.

Vanquished Creatures
  2 ancient liches (Hell)
  4 caustic shrikes
  Geryon (Hell)
  A profane servitor (Abyss:3)
  5 bone dragons
  A Tzitzimitl (Depths:1)
  3 doom hounds
  3 Hell Sentinels
  3 liches
  A walking frostbound tome (Depths:2)
  Grunn (Depths:2)
  A titan (Depths:2)
  4 deep elf master archers (Elf:3)
  Gastronok (Lair:2)
  2 deep elf blademasters (Elf:3)
  5 sphinxes
  12 tentacled starspawn
  7 ancient champions
  2 shadow dragons
  2 tengu reavers (Depths:3)
  A draconian monk (Abyss:2)
  A daeva (Abyss:3)
  3 revenants
  3 fire giants
  A draconian scorcher (Abyss:3)
  4 iron dragons
  2 orc warlords (Orc:2)
  A quicksilver elemental (Dis:2)
  5 deep elf sorcerers
  An emperor scorpion (Depths:3)
  5 frost giants
  A cacodemon (Hell)
  A draconian stormcaller (Depths:4)
  A balrug (Abyss:3)
  4 deep elf elementalists (Elf:3)
  A draconian annihilator (Depths:4)
  10 war gargoyles
  4 reapers
  10 stone giants
  15 very ugly things
  An ophan (Abyss:1)
  A quicksilver ooze (shapeshifter) (Abyss:2)
  2 deep elf annihilators
  2 vampire knights
  3 putrid mouths (Depths:1)
  3 purple draconians (Depths:4)
  A green draconian (Depths:4)
  A wendigo (Hell)
  6 deep elf demonologists
  9 spark wasps
  2 dire elephants (Depths:3)
  A yellow draconian (Depths:4)
  An eidolon (Abyss:3)
  7 deep elf death magi (Elf:3)
  2 blizzard demons
  A merfolk javelineer (Depths:4)
  11 ettins
  14 fire dragons
  A green death (Abyss:3)
  2 deep elf high priests (Elf:3)
  2 salamander tyrants
  10 hydras
  2 boulder beetles
  7 ice dragons
  5 catoblepae
  Erolcha (D:13)
  6 rakshasas
  3 hell beasts
  A caustic shrike simulacrum (Hell)
  A great orb of eyes (Abyss:3)
  2 spriggan air magi (Depths:2)
  4 centaur warriors
  A spriggan skeleton (Abyss:3)
  21 dancing weapons
  4 two-headed ogres
  A titan zombie (Abyss:1)
  7 hell hogs
  3 deep troll shamans
  2 deep troll earth magi
  14 thrashing horrors
  7 spriggan berserkers
  3 vampire magi
  5 tengu warriors
  29 hell knights
  5 orc high priests
  Urug (D:13)
  10 deep elf knights
  10 sun demons
  A crystal echidna (Dis:1)
  Sonja (Lair:5)
  A soul eater (Lair:5)
  2 iron trolls
  14 wretched stars
  Amaemon (Lair:3)
  A storm dragon zombie (Depths:1)
  2 spriggan druids (Depths:3)
  4 sixfirhies
  An orb spider (Abyss:2)
  12 deep trolls
  A spriggan simulacrum (Abyss:3)
  A glowing orange brain (Depths:4)
  A flayed ghost (Depths:2)
  35 starcursed masses
  Pikel (D:7)
  An orange crystal statue (Depths:3)
  6 orc knights
  3 phantasmal warriors
  3 wizards
  22 deep elf archers
  27 deep elf zephyrmancers
  2 lindwurms (Depths:3)
  2 harpies (Depths:3)
  5 necromancers
  5 orc sorcerers
  6 salamanders
  29 deep elf pyromancers
  2 stone giant zombies
  8 cyclopes
  A wolf spider (Depths:3)
  3 manticores
  24 ugly things
  24 large abominations
  6 elephants
  A moth of wrath (Depths:3)
  4 worldbinders
  A centaur zombie (Hell)
  8 black mambas
  An ice statue (IceCv)
  9 rust devils
  An apocalypse crab (Abyss:3)
  2 fire giant skeletons (Depths:1)
  3 molten gargoyles (Hell)
  A naga zombie (Abyss:3)
  A dire elephant zombie (Hell)
  7 orange demons
  A torpor snail (shapeshifter) (Depths:4)
  15 cane toads
  2 guardian serpents (shapeshifter)
  A cane toad (shapeshifter) (Elf:3)
  15 smoke demons
  A torpor snail (Lair:4)
  A storm dragon simulacrum (Hell)
  2 unseen horrors
  8 rime drakes
  A demonic crawler (Abyss:1)
  2 efreet (Abyss:2)
  12 ice devils
  10 hellions
  2 kobold demonologists
  3 tengu conjurers
  13 komodo dragons
  2 hellwings
  8 tormentors
  5 freezing wraiths
  3 red devils (Lair:5)
  9 ancient zymes
  3 harpy zombies
  13 trolls
  A merfolk (shapeshifter) (Depths:4)
  5 hornets
  A silent spectre (Abyss:3)
  5 polar bears
  A tarantella (D:14)
  11 blink frogs
  32 raiju
  A spriggan zombie (Depths:1)
  A slime creature (shapeshifter) (Elf:1)
  5 slime creatures
  6 dream sheep (Lair:5)
  2 stone giant simulacra (Hell)
  8 flying skulls (Abyss:2)
  3 centaur simulacra (D:13)
  4 shadows
  5 air elementals
  6 ynoxinuls
  4 spriggans
  A water elemental (Elf:2)
  5 dire elephant simulacra
  4 fire elementals
  4 wraiths
  4 wyverns
  68 yaks
  2 fire bats (Depths:2)
  An alligator snapping turtle simulacrum (Hell)
  2 golden eyes (Abyss:3)
  4 basilisks
  4 redbacks (D:14)
  3 vampire mosquitoes
  4 neqoxecs
  A steam dragon (D:8)
  A steam dragon (shapeshifter) (Abyss:2)
  5 chaos spawn
  A death yak simulacrum (IceCv)
  6 harpy simulacra
  3 wargs
  3 hydra simulacra (IceCv)
  3 acid dragons
  16 hell hounds
  A floating eye (Depths:4)
  24 water moccasins
  A black bear (Lair:1)
  33 orc warriors
  2 sky beasts
  2 ice beasts (D:13)
  An ettin simulacrum (Hell)
  17 wolves
  19 centaurs
  10 ogres
  9 kobold brigands
  10 bullfrogs
  3 earth elementals (Elf:2)
  7 gnoll sergeants
  A scorpion (shapeshifter) (Depths:3)
  7 cane toad simulacra (IceCv)
  A necrophage (D:6)
  2 scorpions
  2 two-headed ogre simulacra (IceCv)
  24 small abominations
  4 wights (D:10)
  6 killer bees (D:10)
  5 elephant simulacra (IceCv)
  4 electric eels
  6 howler monkeys
  A quasit (Abyss:2)
  2 hounds
  3 gnoll boudas
  29 orc priests
  6 iron imps
  2 iguanas
  8 hell rats
  26 orc wizards
  3 polar bear simulacra (IceCv)
  4 wolf simulacra (IceCv)
  5 adders
  11 gnolls
  A naga simulacrum (IceCv)
  2 shadow imps (D:6)
  6 white imps
  5 ufetubi
  A worm (D:14)
  4 dart slugs
  88 orcs
  5 bats
  10 endoplasms
  2 giant cockroaches
  5 goblins
  7 hobgoblins
  3 jackals (D:3)
  28 kobolds
  2 quokkas
  4 ball pythons
  3 frilled lizards
  8 rats
  4 bushes
  3 lurking horrors
  11 starspawn tentacles
1551 creatures vanquished.

Vanquished Creatures (collateral kills)
  A caustic shrike (Dis:3)
  3 bone dragons
  2 tentacled starspawn (Abyss:3)
  2 daevas
  A revenant (Abyss:3)
  A caustic shrike skeleton (Abyss:3)
  A war gargoyle (Dis:3)
  A stone giant (Depths:4)
  2 very ugly things (Abyss:3)
  A lorocyproca (Abyss:3)
  A black draconian (Depths:4)
  A red draconian (Depths:4)
  A green death (Abyss:3)
  An ettin (Depths:4)
  A fire dragon (Depths:4)
  A yaktaur captain (Depths:4)
  An ice dragon (Depths:4)
  A two-headed ogre (D:9)
  2 thrashing horrors (Abyss:3)
  A wretched star (Abyss:3)
  3 sixfirhies
  An orb spider (Abyss:2)
  A starcursed mass (Abyss:3)
  An ugly thing (Abyss:3)
  A cyclops (D:10)
  A worldbinder (Abyss:3)
  Maurice (D:8)
  An apocalypse crab (Abyss:3)
  2 cane toads (Lair:5)
  A large abomination (Abyss:3)
  A demonic crawler (Abyss:3)
  A kobold demonologist (D:10)
  A tengu conjurer (D:10)
  An ancient zyme (Abyss:3)
  2 blink frogs (Abyss:3)
  A raiju (Abyss:3)
  4 small abominations (Abyss:3)
  A shadow (D:10)
  A vampire (D:10)
  2 yaks (D:11)
  A chaos spawn (Abyss:3)
  A water moccasin (Lair:2)
  A hell hound (Hell)
  An ice beast (D:7)
  4 orc warriors
  A centaur (D:10)
  A kobold brigand (D:9)
  An earth elemental (Abyss:3)
  A hound (D:7)
  2 orc wizards (D:6)
  3 gnolls (D:7)
  3 orcs (D:10)
  6 kobolds
80 creatures vanquished.

Vanquished Creatures (others)
  A cyclops (D:10)
  A water moccasin (Lair:1)
  A white imp (Abyss:1)
  49 fungi
  153 plants
  15 starspawn tentacles
220 creatures vanquished.

Grand Total: 1851 creatures vanquished

Notes
Turn   | Place    | Note
-------+----------+-------------------------------------------
     0 | D:1      | freelancePsychic the Djinni Earth Elementalist began the
                  | quest for the Orb.
     0 | D:1      | freelancePsychic set off with the following spells
                  | memorised: Sandblast, Passwall, Stone Arrow, Petrify.
     0 | D:1      | Reached XP level 1. HP: 15/15 MP: 0/0
   216 | D:1      | Reached XP level 2. HP: 20/22 MP: 0/0
   541 | D:1      | Reached skill level 1 in Fighting
   822 | D:1      | Reached XP level 3. HP: 26/27 MP: 0/0
   822 | D:1      | Learned a level 1 spell: Slow
  1008 | D:1      | Found a faded altar of an unknown god.
  1680 | D:2      | Reached XP level 4. HP: 31/32 MP: 0/0
  2299 | D:3      | Found Esifiy's Antique Weapon Shop.
  2520 | D:3      | Found a glowing golden altar of the Shining One.
  2627 | D:3      | Became a worshipper of the Shining One
  2956 | D:4      | Reached skill level 2 in Fighting
  2967 | D:4      | Found a transporter.
  3018 | D:4      | Found a staircase to the Ecumenical Temple.
  3051 | D:4      | Found a transporter.
  3054 | D:4      | Noticed Fractals's ghost (amateur TeNe)
  3060 | D:4      | Found a basalt altar of Yredelemnul.
  3063 | D:4      | Found a blossoming altar of Fedhas.
  3257 | D:3      | Reached XP level 5. HP: 28/38 MP: 0/0
  3257 | D:3      | Learned a level 2 spell: Searing Ray
  3465 | D:4      | Reached skill level 1 in Shields
  3478 | Temple   | Entered the Ecumenical Temple
  4298 | D:5      | Entered Level 5 of the Dungeon
  4415 | D:5      | Noticed a centaur
  4428 | D:5      | Killed a centaur
  4429 | D:5      | Reached XP level 6. HP: 16/45 MP: 0/0
  4649 | D:5      | Noticed an ogre
  4710 | D:5      | Killed an ogre
  4711 | D:5      | Reached skill level 3 in Fighting
  5090 | D:5      | Reached XP level 7. HP: 18/50 MP: 0/0
  5090 | D:5      | Learned a level 3 spell: Call Canine Familiar
  6139 | D:4      | Found a bloodstained altar of Trog.
  6139 | D:4      | Found a burning altar of Makhleb.
  6283 | D:6      | Reached skill level 5 in Spellcasting
  6436 | D:6      | Reached * piety under the Shining One
  6670 | D:6      | Reached XP level 8. HP: 36/58 MP: 0/0
  6893 | D:6      | Reached skill level 4 in Fighting
  7985 | D:6      | Reached skill level 5 in Fighting
  8231 | D:7      | Reached XP level 9. HP: 56/65 MP: 0/0
  8231 | D:7      | Learned a level 4 spell: Dispel Undead
  8385 | D:7      | Identified the +0 robe of Rixtuts {rF+}
  8472 | D:7      | Noticed Pikel
  8489 | D:7      | Killed Pikel
  8490 | D:7      | Reached skill level 6 in Fighting
  9409 | D:3      | Bought a bloodstained long sword for 187 gold pieces
  9409 | D:3      | Identified the +1 long sword of the Invisible Tables
                  | {flame, rN++ Str+2 Dex+4} (You bought it in a shop on level
                  | 3 of the Dungeon)
 10346 | D:8      | Noticed Maurice
 10358 | D:8      | Killed Maurice
 10359 | D:8      | Reached skill level 7 in Fighting
 10359 | D:8      | Reached skill level 1 in Invocations
 10359 | D:8      | Reached XP level 10. HP: 46/75 MP: 0/0
 11190 | D:9      | Found a staircase to the Lair.
 11250 | D:9      | Found a runed translucent gate.
 11251 | D:9      | Found a runed translucent gate.
 11251 | D:9      | Noticed a nine-headed hydra
 11252 | D:9      | Found a runed translucent gate.
 11252 | D:9      | Noticed SprigganGuy's ghost (novice SpHu)
 11967 | D:9      | Noticed a two-headed ogre
 12362 | D:9      | Reached skill level 8 in Fighting
 12758 | D:9      | Killed a two-headed ogre
 12759 | D:9      | Reached XP level 11. HP: 71/81 MP: 0/0
 12759 | D:9      | Learned a level 5 spell: Alistair's Intoxication
 12931 | D:10     | Entered Level 10 of the Dungeon
 13310 | D:10     | Reached skill level 5 in Invocations
 13317 | D:10     | Reached ** piety under the Shining One
 13648 | D:10     | Noticed a deep elf pyromancer
 13650 | D:10     | Killed a deep elf pyromancer
 13651 | D:10     | Reached skill level 10 in Spellcasting
 13819 | D:10     | Noticed a cyclops
 13819 | D:10     | Noticed a cyclops
 13826 | D:10     | Killed a cyclops
 13827 | D:10     | Noticed a two-headed ogre
 13833 | D:10     | Noticed a manticore
 14366 | D:10     | Noticed a seven-headed hydra
 14376 | D:10     | Killed a seven-headed hydra
 14377 | D:10     | Reached skill level 9 in Fighting
 14409 | D:10     | Killed a two-headed ogre
 14635 | D:10     | Killed a cyclops
 15018 | D:10     | Identified the +12 great mace "Mesyul" {flame, Fly rElec
                  | rPois Will-}
 15152 | D:10     | Noticed a two-headed ogre
 15160 | D:10     | Killed a two-headed ogre
 15161 | D:10     | Reached XP level 12. HP: 77/90 MP: 0/0
 15246 | D:10     | Reached skill level 5 in Dodging
 15564 | D:10     | Noticed a fire dragon
 15573 | D:10     | Killed a fire dragon
 16122 | D:10     | Reached skill level 10 in Fighting
 16430 | D:10     | Noticed a boulder beetle
 16439 | D:10     | The Shining One protects you from harm!
 16457 | D:10     | Killed a boulder beetle
 16458 | D:10     | Reached skill level 5 in Shields
 17230 | D:11     | Noticed an eight-headed hydra
 17239 | D:11     | Killed an eight-headed hydra
 18234 | D:11     | Identified the +1 ring mail of Sint {Drain Int+10 Stlth+}
 18265 | D:11     | Noticed an eight-headed hydra
 18272 | D:11     | Killed an eight-headed hydra
 18841 | D:12     | Reached XP level 13. HP: 88/97 MP: 0/0
 18841 | D:12     | Learned a level 5 spell: Freezing Cloud
 18903 | D:12     | Found a staircase to the Orcish Mines.
 18907 | D:12     | Reached *** piety under the Shining One
 19409 | D:12     | Reached skill level 11 in Fighting
 20041 | Lair:1   | Entered Level 1 of the Lair of Beasts
 20203 | Lair:1   | Noticed a catoblepas
 20224 | Lair:1   | Killed a catoblepas
 20551 | Lair:1   | Noticed an eight-headed hydra
 20557 | Lair:1   | Killed an eight-headed hydra
 21637 | Lair:2   | Noticed Gastronok
 21892 | Lair:2   | Killed Gastronok
 21893 | Lair:2   | Reached skill level 12 in Fighting
 22314 | Lair:2   | Noticed a six-headed hydra
 22320 | Lair:2   | Killed a six-headed hydra
 22321 | Lair:2   | Reached XP level 14. HP: 81/107 MP: 0/0
 22501 | Lair:2   | Reached **** piety under the Shining One
 22639 | Lair:2   | Found a staircase to the Snake Pit.
 24888 | Lair:3   | Reached skill level 13 in Fighting
 25119 | Lair:3   | Found a staircase to the Swamp.
 25231 | Lair:3   | You are sucked into a shaft and drop 2 floors!
 25231 | Lair:5   | Entered Level 5 of the Lair of Beasts
 25431 | Lair:5   | Reached skill level 10 in Shields
 26311 | Lair:5   | Found a burning altar of Makhleb.
 26317 | Lair:5   | Reached ***** piety under the Shining One
 26709 | Lair:5   | Found a gateway to Hell.
 26853 | Lair:5   | Noticed Sonja
 26855 | Lair:5   | Killed Sonja
 26868 | Lair:5   | Reached XP level 15. HP: 94/115 MP: 0/0
 26868 | Lair:5   | Learned a level 6 spell: Iron Shot
 27240 | Lair:5   | Found a basalt altar of Yredelemnul.
 27736 | Lair:5   | Found a viscous altar of Jiyva.
 27736 | Lair:5   | Found a staircase to the Slime Pits.
 28273 | Lair:4   | Reached skill level 14 in Fighting
 29974 | Lair:3   | Noticed Amaemon
 29977 | Lair:3   | Killed Amaemon
 30880 | Orc:1    | Entered Level 1 of the Orcish Mines
 31581 | Orc:2    | Entered Level 2 of the Orcish Mines
 32285 | Orc:2    | Reached ****** piety under the Shining One
 33269 | Orc:2    | Found Leptois's Weapon Boutique.
 33282 | Orc:2    | Found Saw Ykyt's Magic Scroll Shop.
 33288 | Orc:2    | Bought a scroll of immolation for 60 gold pieces
 33288 | Orc:2    | Bought a scroll of immolation for 60 gold pieces
 33679 | Orc:2    | Noticed an orc warlord
 33686 | Orc:2    | Killed an orc warlord
 34323 | Orc:2    | Found a staircase to the Elven Halls.
 34497 | Orc:2    | Noticed an orc warlord
 34526 | Orc:2    | Killed an orc warlord
 34874 | Orc:2    | Found Zuunoqit's Book Boutique.
 34884 | Orc:2    | Reached XP level 16. HP: 76/124 MP: 0/0
 35108 | Orc:2    | Found Uhaykoa's Armour Shoppe.
 35117 | Orc:2    | Reached skill level 15 in Fighting
 35922 | D:13     | Identified a scroll of acquirement
 35922 | D:13     | Acquired the +4 kite shield "Zalukh" {Will+ rCorr Int+4}
 35945 | D:13     | Noticed Erolcha
 35947 | D:13     | Killed Erolcha
 35953 | D:13     | Noticed Urug
 35962 | D:13     | Killed Urug
 36015 | D:13     | Found a frozen archway.
 36021 | IceCv    | Entered an ice cave
 37575 | D:13     | Found a portal to a secret trove of treasure.
 37806 | D:13     | Identified the +1 robe of Apapn {rF+}
 38562 | D:14     | Found Meom's Antique Armour Emporium.
 38576 | D:14     | Bought an embroidered hat for 217 gold pieces
 38730 | D:14     | Reached skill level 1 in Armour
 38779 | D:14     | Acquired the +6 tower shield of the Goldsmith {rF+++ rCorr
                  | Int-5 Dex+4}
 39005 | D:14     | Found a gate to the Vaults.
 39187 | D:14     | Found a bloodstained altar of Trog.
 39325 | D:15     | Entered Level 15 of the Dungeon
 39475 | D:15     | Found a staircase to the Depths.
 39864 | D:15     | Reached skill level 15 in Spellcasting
 39868 | D:15     | Reached skill level 16 in Fighting
 40466 | D:15     | Reached XP level 17. HP: 115/133 MP: 0/0
 40466 | D:15     | Learned a level 6 spell: Starburst
 40680 | D:15     | Identified the ring of Usixewei {rElec Will+ Dex+5 Stlth-}
 41205 | Elf:1    | Entered Level 1 of the Elven Halls
 41206 | Elf:1    | Paralysed by an air elemental for 1 turns
 41593 | Elf:1    | Found a flickering gateway to a bazaar.
 41603 | Bazaar   | Entered a bazaar
 41755 | Bazaar   | Found Ocunwaj's Antique Weapon Emporium.
 41755 | Bazaar   | Found Gucs's Magic Scroll Shoppe.
 41790 | Bazaar   | Found Petao's Antique Weapon Emporium.
 41806 | Bazaar   | Found Mitulaem's Weapon Emporium.
 41806 | Bazaar   | Found Ceotoesk's Weapon Shoppe.
 41889 | Bazaar   | Bought a scroll of summoning for 152 gold pieces
 41889 | Bazaar   | Bought a scroll of enchant armour for 120 gold pieces
 41889 | Bazaar   | Bought a scroll of summoning for 152 gold pieces
 41889 | Bazaar   | Bought a scroll of immolation for 64 gold pieces
 42050 | Elf:1    | Reached skill level 5 in Armour
 44068 | Elf:2    | Reached skill level 17 in Fighting
 44550 | Elf:2    | Paralysed by an air elemental for 1 turns
 44939 | Elf:2    | Reached XP level 18. HP: 124/142 MP: 0/0
 45170 | Elf:2    | Found a runed translucent gate.
 45171 | Elf:2    | Found a runed translucent gate.
 45171 | Elf:2    | Found a runed translucent gate.
 45204 | Elf:2    | Paralysed by an air elemental for 1 turns
 45637 | Elf:3    | Entered Level 3 of the Elven Halls
 45642 | Elf:3    | Paralysed by an air elemental for 1 turns
 46604 | Elf:3    | Found a gateway to a bazaar.
 46698 | Elf:3    | Identified Roxanne's Folio of Grit
 46698 | Elf:3    | Noticed Roxanne
 47078 | Elf:3    | Noticed a deep elf master archer
 47082 | Elf:3    | Killed a deep elf master archer
 47088 | Elf:3    | Noticed a deep elf blademaster
 47091 | Elf:3    | Killed a deep elf blademaster
 47093 | Elf:3    | Killed a ghostly deep elf blademaster
 47101 | Elf:3    | Reached skill level 10 in Dodging
 47895 | Elf:3    | Noticed a deep elf blademaster
 47899 | Elf:3    | Killed a deep elf blademaster
 47937 | Elf:3    | Noticed a deep elf master archer
 47941 | Elf:3    | Killed a deep elf master archer
 48270 | Elf:3    | Identified the +7 trident of Gajigosa {drain, *Rage rElec
                  | rPois rF++}
 48271 | Elf:3    | Noticed a deep elf master archer
 48276 | Elf:3    | Killed a deep elf master archer
 48277 | Elf:3    | Reached skill level 18 in Fighting
 48282 | Elf:3    | Identified the ring of Winter {rPois rN+ Will+ Dex-2
                  | Stlth+}
 48291 | Elf:3    | Noticed a deep elf master archer
 48294 | Elf:3    | Killed a deep elf master archer
 48577 | Elf:3    | Identified the ring "Dideun" {*Slow rC+ Will+ Int+4}
 48577 | Elf:3    | Found the +2 shield of Resistance {rF++ rC++ Will++}
 48601 | Elf:3    | Identified the +3 broad axe "Cets" {antimagic, rElec}
 48652 | Elf:3    | Identified the amulet of Temptation {rElec Regen+}
 48665 | Elf:3    | Identified the +4 hand axe "Laeticex" {vorpal, Will+ rCorr}
 48696 | Elf:3    | Identified the +7 spear "Titejug" {flame, rN++}
 49295 | Hell     | Entered the Vestibule of Hell
 49295 | Hell     | Noticed Geryon
 49303 | Hell     | Killed Geryon
 49367 | Lair:5   | Reached XP level 19. HP: 138/150 MP: 0/0
 49367 | Lair:5   | Learned a level 7 spell: Ozocubu's Refrigeration
 49816 | Hell     | Found a gateway to the freezing wastes of Cocytus.
 50872 | Hell     | Found a gateway to the decaying netherworld of Tartarus.
 50960 | Hell     | Found a gateway to the Iron City of Dis.
 51013 | Hell     | Found a gateway to the ashen valley of Gehenna.
 51137 | Hell     | Identified a +3 eudemon blade of holy wrath (a +1 demon
                  | blade of flaming blessed by the Shining One)
 51137 | Hell     | Received a gift from the Shining One
 51170 | Dis:1    | Entered Level 1 of the Iron City of Dis
 51233 | Dis:1    | Reached skill level 1 in Long Blades
 51244 | Dis:1    | Noticed a caustic shrike
 51751 | Depths:1 | Entered Level 1 of the Depths
 51799 | Depths:1 | Found a one-way gate to the infinite horrors of the Abyss.
 51907 | Depths:1 | Found a shadowy altar of Dithmenos.
 52034 | Depths:1 | Reached XP level 20. HP: 55/158 MP: 0/0
 53138 | Depths:1 | Found a one-way gateway to a ziggurat.
 53682 | Depths:2 | Noticed a doom hound
 53682 | Depths:2 | Noticed a doom hound
 53683 | Depths:2 | Noticed Grunn
 53684 | Depths:2 | Killed a doom hound
 53685 | Depths:2 | Noticed a doom hound
 53687 | Depths:2 | Killed Grunn
 53700 | Depths:1 | Noticed a bone dragon
 53703 | Depths:1 | Noticed a Tzitzimitl
 53705 | Depths:1 | Killed a bone dragon
 53706 | Depths:1 | Killed a Tzitzimitl
 53811 | Depths:1 | Killed a doom hound
 54060 | Depths:2 | Killed a doom hound
 54063 | Depths:2 | Noticed a bone dragon
 54067 | Depths:2 | Killed a bone dragon
 54077 | Depths:1 | Noticed a bone dragon
 54080 | Depths:1 | Killed a bone dragon
 54202 | Depths:2 | Found Hifuj's Jewellery Shop.
 54207 | Depths:2 | Found Quezyust's Book Shop.
 54222 | Depths:2 | Reached skill level 10 in Invocations
 54568 | Depths:2 | Found a one-way gate leading to the halls of Pandemonium.
 54731 | Depths:2 | Reached skill level 15 in Dodging
 54753 | Depths:2 | Reached XP level 21. HP: 67/164 MP: 0/0
 54753 | Depths:2 | Learned a level 8 spell: Summon Horrible Things
 55346 | Depths:3 | Found a white marble altar of Elyvilon.
 55847 | Depths:3 | Identified the +5 flail of Kismet {venom, rPois Int-3
                  | Dex+3}
 56254 | Depths:3 | Identified the +8 falchion of Ru's Favour {vorpal, rN+}
 56425 | Depths:3 | Identified the +2 sling of Tagos {speed, Dex+2}
 56825 | Depths:4 | Entered Level 4 of the Depths
 57638 | Depths:4 | Reached XP level 22. HP: 160/170 MP: 0/0
 57868 | Depths:4 | Noticed a bone dragon
 57874 | Depths:4 | Killed a bone dragon
 57985 | Depths:4 | Noticed a bone dragon
 57987 | Depths:4 | Found a gate to the Realm of Zot.
 57991 | Depths:4 | Killed a bone dragon
 58072 | Depths:4 | Found an iron altar of Okawaru.
 58192 | Depths:4 | Identified the ring "Cawolopo" {Contam Will+ Str+6 Dex+9
                  | Slay+3}
 58316 | Depths:3 | Voluntarily entered the Abyss.
 58316 | Abyss:1  | Found a corrupted altar of Lugonu.
 59024 | Abyss:2  | Paralysed by accursed screaming for 1 turns
 59027 | Abyss:2  | Paralysed by accursed screaming for 1 turns
 59030 | Abyss:2  | Paralysed by accursed screaming for 1 turns
 59040 | Abyss:2  | Noticed a bone dragon
 59052 | Abyss:2  | Killed a bone dragon
 59053 | Abyss:2  | Reached skill level 5 in Long Blades
 59328 | Abyss:2  | Noticed a profane servitor
 59350 | Depths:3 | Escaped the Abyss
 59483 | Depths:3 | Voluntarily entered the Abyss.
 59565 | Abyss:2  | The Shining One protects you from harm!
 59566 | Abyss:2  | HP: 4/171 [daeva/+4 scimitar of holy wrath (9)]
 60155 | Abyss:3  | Noticed a bone dragon
 60162 | Abyss:3  | Killed a bone dragon
 60195 | Abyss:3  | Reached XP level 23. HP: 67/176 MP: 0/0
 60195 | Abyss:3  | Learned a level 7 spell: Malign Gateway
 60222 | Depths:3 | Escaped the Abyss
 60382 | Hell     | Killed a caustic shrike
 60573 | Dis:1    | Noticed a caustic shrike
 60577 | Dis:1    | Noticed a caustic shrike
 60577 | Dis:1    | Noticed a caustic shrike
 60580 | Dis:1    | Killed a caustic shrike
 61049 | Dis:3    | Noticed an ancient lich
 61049 | Dis:3    | Noticed an ancient lich
 61200 | Depths:3 | Voluntarily entered the Abyss.
 61541 | Depths:3 | Escaped the Abyss
 61592 | Depths:3 | Voluntarily entered the Abyss.
 61592 | Abyss:3  | Noticed a profane servitor
 61598 | Abyss:3  | Killed a profane servitor
 61653 | Abyss:3  | Reached skill level 19 in Fighting
 62261 | Abyss:3  | Found a corrupted altar of Lugonu.
 62310 | Abyss:3  | Found a shimmering altar of Xom.
 62310 | Abyss:3  | Found a shimmering altar of Xom.
 62324 | Abyss:3  | Found a shimmering altar of Xom.
 62334 | Abyss:3  | Found a corrupted altar of Lugonu.
 62335 | Abyss:3  | Found a shimmering altar of Xom.
 62335 | Abyss:3  | Found a shimmering altar of Xom.
 62335 | Abyss:3  | Found a shimmering altar of Xom.
 62388 | Abyss:3  | Found a shimmering altar of Xom.
 62388 | Abyss:3  | Found a shimmering altar of Xom.
 62389 | Abyss:3  | Found a shimmering altar of Xom.
 62389 | Abyss:3  | Found a shimmering altar of Xom.
 62389 | Abyss:3  | Found a shimmering altar of Xom.
 62389 | Abyss:3  | Found a shimmering altar of Xom.
 62389 | Abyss:3  | Found a shimmering altar of Xom.
 62390 | Abyss:3  | Found a shimmering altar of Xom.
 62392 | Abyss:3  | Found a shimmering altar of Xom.
 62401 | Abyss:3  | Found a corrupted altar of Lugonu.
 62401 | Abyss:3  | Found a shimmering altar of Xom.
 62435 | Abyss:3  | Found a shimmering altar of Xom.
 62492 | Abyss:3  | Reached XP level 24. HP: 57/185 MP: 0/0
 62521 | Depths:3 | Escaped the Abyss
 62809 | Dis:3    | Noticed a caustic shrike
 62809 | Dis:3    | Noticed a caustic shrike
 62809 | Dis:3    | Noticed a caustic shrike
 62813 | Dis:3    | Killed a caustic shrike
 62815 | Dis:3    | Killed a caustic shrike
 62818 | Dis:3    | Killed a caustic shrike
 62939 | Dis:3    | Noticed a caustic shrike
 62939 | Dis:3    | Noticed a caustic shrike
 62939 | Dis:3    | Noticed a caustic shrike
 62939 | Dis:3    | Noticed a caustic shrike
 62939 | Dis:3    | Noticed a caustic shrike
 62939 | Dis:3    | Noticed a caustic shrike
 62939 | Dis:3    | Noticed a caustic shrike
 62939 | Dis:3    | Noticed a caustic shrike
 63126 | Hell     | Killed an ancient lich
 63209 | Hell     | Killed an ancient lich
 63273 | Hell     | Upgraded the game from 0.29.0-5-ge4962eb29e to
                  | 0.29.0-7-g18a832c13a
 63310 | Hell     | Killed from afar by a Hell Sentinel

Illustrated notes

Levels and vault maps discovered:
D:1:      lightli_arrival_windingriver, layout_basic, basic_ecumenical_altar,
          minmay_tiny_reverse_x
D:2:      layout_basic, chequers_hall_statues_wall_a
D:3:      layout_rooms, nicolae_tso_swordbearing_angel, serial_shops, shop
D:4:      layout_cave_pods, nicolae_overflow_hidden_temple,
          minmay_temple_entry_mist, gammafunk_ghost_mausoleum, st_stairs_12,
          grunt_ministairs_8, minmay_misc_feat_alley, nicolae_grassy_gnolls
D:5:      layout_layer_cave, hangedman_decor_growths
D:6:      layout_cave_pools
D:7:      layout_basic, st_stairs_10, uniq_pikel
D:8:      layout_loops_ring, uniq_maurice
D:9:      layout_gridville, lair_entry_dummy, gammafunk_ghost_hydra_chop
D:10:     minmay_the_grid_4x2 [minmay_the_grid_garden,
          minmay_the_grid_medium_cups, minmay_the_grid_dragon_b,
          minmay_the_grid_large_cup, minmay_the_grid_all_tris,
          minmay_the_grid_doors, minmay_the_grid_zigzag_pyramid,
          minmay_the_grid_prize_four_corners_diamond_a], layout_basic,
          wad_mini_maze
D:11:     layout_small_grid
D:12:     layout_roguey, kennysheep_orc_monster_closet_entryway
D:13:     layout_grid_maze, serial_ice, serial_ice_i, serial_ice_b,
          serial_ice_h, serial_ice_c, portal_ice_cave_entry_pillars_2,
          enter_trove_3, uniq_urug, uniq_erolcha
D:14:     layout_basic, erik_vaults_1, serial_shops, nicolae_shop_crystal,
          tgw_trog
D:15:     grunt_enter_depths_giant_problem, layout_stronghold
Temple:   nicolae_temple_slightly_damp_pantheon
Lair:1:   layout_cave_pods
Lair:2:   layout_small_grid, minmay_snake_entry_six_corridors, st_stairs_7,
          uniq_gastronok
Lair:3:   layout_layer_cave, swamp_mist, serial_bayou_shore_a, uniq_amaemon
Lair:4:   layout_regular_city, small_statue_intersection, lemuel_fruit_tree,
          grunt_megastairs_3
Lair:5:   evil_forest, layout_layer_cave, dpeg_slime_entry_enclosed,
          basic_altar, serial_bayou_lake_a, uniq_sonja
Orc:1:    layout_diamond_mine, gammafunk_ghost_cemetery, uniq_fannar
Orc:2:    pubby_orc_utopia
Elf:1:    elf_arrival_002, layout_rooms, serial_shops, bzr_firewalk,
          minmay_elf_annihilation, grunt_megastairs_5
Elf:2:    nicolae_elf_blades_crystal_corner, layout_onion_city
Elf:3:    minmay_elf_hall_circle, layout_rooms, serial_shops, bzr_entry_islet,
          gammafunk_ghost_cemetery, chequers_big_river, uniq_roxanne
Depths:1: layout_gridlike, enter_ziggurat_f, nicolae_dithmenos_shadow_blocks,
          hangedman_geh_valley, hangedman_abyss_entry_splay,
          kennysheep_generic_room_5
Depths:2: evilmike_lava_path, layout_basic, rand_demon_pan_entry_1, hell_entry,
          corexii_leaking_fountain, minmay_shop_star,
          infiniplex_staircase_pillars_1, serial_bayou_shore_b, uniq_grunn
Depths:3: hangedman_hanging_gardens, layout_gridlike, elyvilon_altar_1,
          abyss_entry, hell_entry, minmay_protected_statue, serial_bayou_shore_b
Depths:4: grunt_zot_entry_gee_three, layout_cave_shapes,
          kennysheep_pointless_box, hell_entry, okawaru_trees_2
Hell
Dis:1:    layout_subdivisions, nicolae_dis_having_a_grate_time
Dis:2:    layout_regular_city
Dis:3:    layout_subdivisions, nicolae_dis_liches_on_tour
Dis:4:    nicolae_dis_hell_towers

Skill      XL: |  1  2  3  4  5  6  7  8  9 10 11 12 13 14 15 16 17 18 19 20 21 22 23 |
---------------+----------------------------------------------------------------------+-----
Fighting       | 1 2 3 5 7 8 9 10 12 13 14 16 17 18 19 | 19.8
Spellcasting   | 3 4 5 6 8 9 10 11 12 13 14 15 16 17 18 | 18.4
Shields        | 1 2 3 4 6 8 10 11 13 | 13.6
Invocations    | 1 4 5 6 7 10 13 | 13.7
Dodging        | 4 5 7 9 11 12 15 17 18 | 18.9
Armour         | 3 7 8 |  8.4
Long Blades    | 3 7 8 |  8.7
Stealth        | |  1.5

Action                   |  1- 3 |  4- 6 |  7- 9 | 10-12 | 13-15 | 16-18 | 19-21 | 22-24 || total
-------------------------+-------+-------+-------+-------+-------+-------+-------+-------++-------
Melee: Unarmed           |     1 |       |       |       |       |       |       |       ||     1
       Staff             |       |       |     7 |     5 |       |     3 |       |     1 ||    16
       Eudemon blade     |       |       |       |       |       |       |       |   220 ||   220
Throw: Throwing net      |       |       |       |     2 |       |       |       |       ||     2
       Dart              |       |       |       |     1 |       |       |       |       ||     1
 Cast: Sandblast         |    43 |    53 |       |       |       |       |       |       ||    96
       Searing Ray       |       |    13 |     2 |     1 |       |       |       |       ||    16
       Slow              |       |     1 |       |     4 |       |       |       |       ||     5
       Stone Arrow       |       |       |    96 |   216 |   212 |       |       |       ||   524
       Call Canine Famil |       |       |    25 |    26 |     8 |       |       |       ||    59
       Petrify           |       |       |       |     2 |     2 |       |       |       ||     4
       Alistair's Intoxi |       |       |       |    17 |     9 |       |       |       ||    26
       Freezing Cloud    |       |       |       |       |   123 |    59 |       |       ||   182
       Iron Shot         |       |       |       |       |   191 |   345 |   424 |   480 ||  1440
       Starburst         |       |       |       |       |       |     6 |       |       ||     6
       Ozocubu's Refrige |       |       |       |       |       |       |    75 |     7 ||    82
Invok: Divine Shield     |       |       |       |     2 |     1 |     2 |     2 |     3 ||    10
       Cleansing Flame   |       |       |       |       |       |       |    14 |    14 ||    28
       Brand Weapon With |       |       |       |       |       |       |     1 |       ||     1
       Summon Divine War |       |       |       |       |       |       |       |     9 ||     9
Evoke: Wand              |       |       |       |       |       |       |     1 |       ||     1
  Use: Scroll            |     7 |     1 |       |     3 |    12 |    16 |    17 |     5 ||    61
       Potion            |       |       |       |     1 |     2 |     8 |     3 |    12 ||    26
Armor: Robe              |     3 |     2 |       |       |       |       |       |       ||     5
       Leather armour    |       |     5 |    15 |       |       |       |       |       ||    20
       Steam dragon scal |       |       |       |    25 |       |       |       |       ||    25
       Ring mail         |       |       |       |     2 |    24 |    24 |    93 |    80 ||   223
Dodge: Dodged            |     5 |    28 |    22 |    51 |    33 |    43 |   201 |   296 ||   679
Block: Buckler           |       |    12 |    20 |    37 |       |       |       |       ||    69
       Kite shield       |       |       |       |     2 |    61 |   144 |   217 |   316 ||   740
       Reflection        |       |       |       |       |     1 |    84 |       |       ||    85
